 Dungeon Crawl Stone Soup version 0.30-a0-782-ge64f9170bb (webtiles) character file.

Game seed: 15292081477416538650

212 cheesebisquit the Digger (level 5, -1/30 HPs)
             Began as a Gargoyle Earth Elementalist on Feb 18, 2023.
             Slain by Crazy Yiuf
             ... wielding a +3 quarterstaff of chaos
              (7 damage)
             ... while paralysed by Crazy Yiuf
             ... on level 2 of the Dungeon.
             The game lasted 00:03:59 (1855 turns).

cheesebisquit the Digger (GrEE)                     Turns: 1855, Time: 00:04:00

Health: -1/30      AC:  7    Str: 12    XL:     5   Next: 90%
Magic:  9/10       EV:  2    Int: 17    God:
Gold:   36         SH:  0    Dex: 10    Spells: 9/10 levels left

rFire   . . .      SeeInvis .    m - +0 club
rCold   . . .      Faith    .    h - +2 kite shield
rNeg    + . .      Spirit   .    a - +0 robe
rPois   ∞          Reflect  .    (no helmet)
rElec   +          Harm     .    (no cloak)
rCorr   .          Rampage  .    d - +0 pair of gloves
Will    .....                    (no boots)
Stlth   ++                       (no amulet)
HPRegen 0.25/turn                (no ring)
MPRegen 0.12/turn                (no ring)

@: paralysed
A: sickness immunity, AC +4, negative energy resistance 1, electricity
resistance, torment resistance 1, petrification resistance
a: no special abilities


You were on level 2 of the Dungeon.
You visited 1 branch of the dungeon, and saw 2 of its levels.

You collected 36 gold pieces.

Inventory:

Hand Weapons
 m - a +0 club (weapon)
Armour
 a - a +0 robe (worn)
 d - a +0 pair of gloves (worn)
 h - a +2 kite shield (worn)
Wands
 k - a wand of roots (6)
Scrolls
 f - 3 scrolls of identify {unknown}
 i - a scroll of teleportation {unknown}
 j - a scroll of blinking {unknown}
 l - a scroll of noise {unknown}
 n - a scroll of poison {unknown}
Potions
 b - a potion of magic
 c - 2 potions of curing {unknown}
 e - a potion of haste {unknown}
 g - 2 potions of heal wounds {unknown}


   Skills:
 + Level 2.2 Fighting
 - Level 1.5 Dodging
 - Level 2.1 Stealth
 + Level 2.2 Shields
 + Level 3.4 Spellcasting
 - Level 0.7 Transmutations
 + Level 5.2 Earth Magic


You had 9 spell levels left.
You knew the following spells:

 Your Spells              Type           Power      Damage    Failure   Level
a - Sandblast             Erth           40%        2d10      6%          1

Your spell library contained the following spells:

 Spells                   Type           Power      Damage    Failure   Level
 Passwall                 Tmut/Erth      10%        N/A       24%         2
 Stone Arrow              Conj/Erth      22%        3d8       47%         3
 Petrify                  Tmut/Erth      13%        N/A       83%         4
 Call Canine Familiar     Summ           2%         N/A       85%         3
 Portal Projectile        Hex/Tloc       4%         N/A       85%         3
 Leda's Liquefaction      Hex/Erth       5%         N/A       87%         4
 Olgreb's Toxic Radiance  Pois           2%         N/A       99%         4
 Ozocubu's Refrigeration  Ice            1%         4d7       100%        7
 Ignition                 Fire           1%         3d3       100%        8


Dungeon Overview and Level Annotations

Branches:
Dungeon (2/15)

Altars:
The Shining One

Annotations:
D:2 Crazy Yiuf


Innate Abilities, Weirdness & Mutations

You are immune to sickness and miasma.
Your stone body is resilient. (AC +4)
You are immune to poison.
You resist negative energy. (rN+)
You are resistant to electric shocks. (rElec)
You are resistant to unholy torment.
You are immune to petrification.


Message History

The blast of sand hits the giant cockroach.
The giant cockroach is almost dead.
The giant cockroach closely misses you.
The blast of sand hits the giant cockroach.
You kill the giant cockroach!
You see here a giant cockroach corpse.
A goblin comes into view. It is wielding a +0 club.
The blast of sand hits the goblin!
You kill the goblin!
A worm comes into view.
The blast of sand hits the worm!
The worm is severely wounded.
The blast of sand hits the worm.
The worm is almost dead.
The blast of sand hits the worm!
You kill the worm!
You see here 2 stones.
A frilled lizard comes into view.
The blast of sand hits the frilled lizard!
You kill the frilled lizard!
There is a glowing golden altar of the Shining One here.
n - a scroll labelled MAICHIM ISUASH A bat comes into view.
The blast of sand hits the bat!
You kill the bat!
You now have 36 gold pieces (gained 10).
You see here a frilled lizard corpse.
There is a glowing golden altar of the Shining One here.
There is an escape hatch in the ceiling here.
You see here a +0 club.
Crazy Yiuf cries, "You leg down broken song, no?"
You open the door.
The blast of sand hits Crazy Yiuf!
Crazy Yiuf is heavily wounded.
Crazy Yiuf hits you with a +3 quarterstaff of chaos!
You suddenly lose the ability to move!
Crazy Yiuf hits you with a +3 quarterstaff of chaos!
* * * LOW HITPOINT WARNING * * *
Crazy Yiuf hits you with a +3 quarterstaff of chaos!
You die...

.#.####......#############......#
.#.# #.#.##.##### ##.......#####
.#.# #.#........# #........# .#.#
#.########## #######..#
...####..# #...# ......####
♣♣♣♣♣###.## ..†.#.# ###
♣♣♣.♣......# ###.#.###
#...#♣..♣.P.....# ...>....#
#...g@♣♣♣♣P.....# .##.#.#.##
#)..#♣♣ ♣♣P...## .........# ###
♣♣#### .#..#.#..# .#..#.#..#
......#..## ....###...#
..........# ..#######>#


You could see Crazy Yiuf.

Vanquished Creatures
  Sigmund (D:2)
  2 adders (D:2)
  A worm (D:2)
  A dart slug (D:1)
  An endoplasm (D:1)
  A giant cockroach (D:2)
  2 goblins (D:2)
  5 hobgoblins (D:1)
  3 kobolds
  A quokka (D:2)
  2 ball pythons
  5 bats
  2 frilled lizards
  6 rats
33 creatures vanquished.

Notes
Turn   | Place    | Note
-------+----------+-------------------------------------------
     0 | D:1      | cheesebisquit the Gargoyle Earth Elementalist began the
                  | quest for the Orb.
     0 | D:1      | Reached XP level 1. HP: 10/10 MP: 3/3
   268 | D:1      | Reached XP level 2. HP: 15/15 MP: 3/5
   298 | D:1      | Reached skill level 4 in Earth Magic
   894 | D:2      | Reached XP level 3. HP: 19/19 MP: 2/7
   993 | D:2      | Found a glowing golden altar of the Shining One.
  1277 | D:2      | Noticed Sigmund
  1283 | D:2      | Killed Sigmund
  1284 | D:2      | Reached skill level 5 in Earth Magic
  1284 | D:2      | Reached XP level 4. HP: 18/26 MP: 3/9
  1284 | D:2      | Reached XP level 5. HP: 21/30 MP: 3/10
  1415 | D:2      | Found a runed translucent door.
  1416 | D:2      | Noticed Crazy Yiuf
  1853 | D:2      | Paralysed by Crazy Yiuf for 3 turns
  1855 | D:2      | Slain by Crazy Yiuf

Illustrated notes

Levels and vault maps discovered:
D:1:      doesnt_arrival_eight_statues, layout_basic
D:2:      layout_loops_cross, basic_altar, minmay_misc_feat_encased,
          small_statue_intersection, uniq_sigmund, uniq_crazy_yiuf_cottage

Skill      XL: |  1  2  3 |
---------------+----------+-----
Earth Magic    | 4 5 |  5.2
Fighting       | 2 |  2.2
Shields        | 2 |  2.2
Spellcasting   | 3 |  3.4
Dodging        | |  1.5
Stealth        | |  2.1
Transmutations | |  0.7

Action                     |  1- 3 |  4- 6 || total
---------------------------+-------+-------++-------
   Cast: Sandblast         |    40 |    14 ||    54
 Armour: Robe              |    12 |     2 ||    14
  Dodge: Dodged            |     2 |     2 ||     4
  Block: Kite shield       |     5 |       ||     5

Table legend: (Time is in decaauts)
 A = Elapsed time spent in this place.
 B = Non-inter-level travel time spent in this place.
 C = Inter-level travel time spent in this place.
 D = Time resting spent in this place.
 E = Time spent auto-exploring this place.
 F = Levels seen in this place.
 G = Mean time per level.
                   A        B        C        D        E       F      G
               +--------+--------+--------+--------+--------+-----+--------+
         Total |   1881 |   1841 |     40 |      0 |   1640 |   2 |  940.5 |
       Dungeon |   1881 |   1841 |     40 |      0 |   1640 |   2 |  940.5 |
               +--------+--------+--------+--------+--------+-----+--------+

Top non-repeatable levels by time:
     D:2: 985 daAuts
     D:1: 896 daAuts
